 Dungeon Crawl Stone Soup version 0.18-a0-1225-g5d63bca (webtiles) character file.

28478 Duffy the Fighter (level 13, -3/111 HPs)
             Began as a Vine Stalker Assassin on Feb 3, 2016.
             Was the Champion of Trog.
             Slain by an eight-headed hydra (5 damage)
             ... on level 8 of the Lair of Beasts on Feb 4, 2016.
             The game lasted 00:23:16 (15737 turns).

Duffy the Fighter (Vine Stalker Assassin)          Turns: 15737, Time: 00:23:16

Health: -3/111     AC: 26    Str: 19    XL:     13   Next: 39%
Magic:  0/14       EV:  2    Int: 12    God:    Trog [******]
Gold:   915        SH:  7    Dex: 29    Spells: 0 memorised, 12 levels left

rFire  . . .     SeeInvis +     a - +11 morningstar "Eos" {elec, -Tele rElec SInv}
rCold  . . .     Gourm    .     (armour currently unavailable)
rNeg   + + +     Faith    .     h - +0 buckler (curse)
rPois  +         Spirit   +     (helmet currently unavailable)
rElec  +         Dismiss  .     (cloak currently unavailable)
rCorr  .         Reflect  .     (gloves currently unavailable)
SustAt .         Harm     .     (boots currently unavailable)
MR     +....     NoTele   +     I - amulet of guardian spirit
Stlth  +++++++++.               J - +4 ring of dexterity
                                j - ring of see invisible

@: mighty, agile, lethally poisoned (-3 -> -4), tree-form, very slightly
contaminated, hasted, very quick, somewhat resistant to hostile enchantments,
incredibly stealthy
A: (fangs 0), (molten scales 0), mutation resistance 1, regeneration 3, magic
shield, (antimagic bite), no device heal 3, rot immunity
a: Berserk, Trog's Hand, Brothers in Arms, Burn Spellbooks, Renounce Religion


You were on level 8 of the Lair of Beasts.
You worshipped Trog.
Trog was exalted by your worship.
You were not hungry.
You were a tree.
You visited 3 branches of the dungeon, and saw 20 of its levels.
You also visited: Sewer.

You collected 915 gold pieces.


Innate Abilities, Weirdness & Mutations

((You have razor-sharp teeth.))
You regenerate.
When hurt, damage is shared between your health and your magic reserves.
((Your bite disrupts and absorbs the magic of your enemies.))
Potions and wands cannot restore your health.
You are immune to rotting.
((You are partially covered in molten scales (AC +1).))
You are somewhat resistant to further mutation.


   Skills:
 - Level 11.8 Fighting
 - Level 10.0 Short Blades
 - Level 2.5 Throwing
 - Level 10.0 Dodging
 - Level 10.2 Stealth
 + Level 5.6 Shields


You had 12 spell levels left.
You didn't know any spells.

Inventory:

Hand Weapons
 a - the +11 morningstar "Eos" (weapon) {elec, -Tele rElec SInv} Occasionally, upon striking a foe, it will discharge some electrical energy and cause terrible harm. It insulates you from electricity. It lets you see invisible. It prevents most forms of teleportation.
 b - a +2 blowgun
 U - a +6 quick blade
Missiles
 c - 8 javelins (quivered)
 e - 33 poisoned needles
 f - 2 curare-tipped needles
 G - 2 needles of confusion
 M - 23 tomahawks
 S - 6 poisoned javelins
 V - a throwing net
Armour
 d - a +0 cloak (melded)
 h - a cursed +0 buckler (worn)
 l - a +0 pair of boots (melded)
 t - a +0 ring mail (melded)
 v - a +0 pair of gloves (melded)
 L - a +2 hat (melded)
Jewellery
 j - a ring of see invisible (left branch)
 I - an amulet of guardian spirit (around neck)
 J - a +4 ring of dexterity (right branch)
 N - an uncursed ring of resist corrosion
Wands
 C - a wand of flame (32/48)
 R - a wand of iceblast (7/15)
 Z - a wand of acid (8/15)
Scrolls
 m - 3 scrolls of identify
 q - 3 scrolls of fear
 s - 2 scrolls of magic mapping
 x - 2 scrolls of blinking
 y - 3 scrolls of teleportation
 D - 3 scrolls of enchant armour
 K - 3 scrolls of remove curse
 Q - a scroll of fog
Potions
 n - 3 potions of poison
 o - 3 potions of cure mutation
 r - 3 potions of curing
 u - 5 potions of magic
 z - 4 potions of might
 O - a potion of flight
 P - 2 potions of cancellation
Comestibles
 g - 6 bread rations
 i - 9 meat rations
 k - a beef jerky
 B - 11 fruits
 T - 10 royal jellies

Dungeon Overview and Level Annotations

Branches:
Dungeon (11/15)            Temple (1/1) D:5            Lair (8/8) D:11
  Swamp (0/4) Lair:3       Spider (0/4) Lair:3          Orc (0/2) D:11
  Slime: Lair:6-8

Altars:
Ashenzari
Cheibriados
Dithmenos
Elyvilon
Fedhas
Gozag
Kikubaaqudgha
Makhleb
Nemelex Xobeh
Okawaru
Pakellas
Qazlal
Ru
Sif Muna
Trog
Vehumet
Xom
Yredelemnul
Zin
The Shining One

Shops:
D:11 (

Annotations:
Lair:4 exclusion: oklob plant


Message History

The eight-headed hydra bites you.
The eight-headed hydra bites you but does no damage.
You block the eight-headed hydra's attack.
The eight-headed hydra bites you but does no damage.
The black mamba bites you but does no damage.
The black mamba bites you.
You are poisoned.
The black mamba poisons you!
The eight-headed hydra bites you but does no damage.
The eight-headed hydra bites you. x2
The eight-headed hydra bites you but does no damage.
The eight-headed hydra bites you!
The eight-headed hydra bites you but does no damage. x2
You block the eight-headed hydra's attack.
Drink which item? (? for menu, Esc to quit)
You feel mightier all of a sudden.
You feel sick.
The black mamba bites you but does no damage.
The eight-headed hydra bites you but does no damage.
The eight-headed hydra bites you.
The eight-headed hydra barely misses you.
You block the eight-headed hydra's attack.
The eight-headed hydra bites you but does no damage.
The eight-headed hydra bites you.
The eight-headed hydra bites you but does no damage. x2
The black mamba bites you but does no damage.
Drink which item? (? for menu, Esc to quit)
You feel as though your hastened speed will last longer.
You feel sick. The black mamba barely misses you.
Drink which item? (? for menu, Esc to quit)
You feel as though your hastened speed will last longer.
You feel sick. You block the black mamba's attack.
The eight-headed hydra bites you but does no damage.
The eight-headed hydra bites you.
You die... .77 777H77 7

777.7..7777
77.7.........777
...............77
.................
........S........
........7........
.......D.........
......P.P........
......P.P........
......P.P........
......P.P........
......P.P........
..... P.P........
.... P.P.....F..


You could see an eight-headed hydra, a griffon (wandering) and a black mamba.

Action                   |  1- 3 |  4- 6 |  7- 9 | 10-12 | 13-15 || total
-------------------------+-------+-------+-------+-------+-------++-------
Melee: Dagger            |    91 |   155 |   826 |  1184 |    21 ||  2277
       Quick blade       |       |       |       |       |   165 ||   165
 Fire: Blowgun           |       |    12 |    31 |       |       ||    43
Invok: Berserk           |       |       |     2 |    20 |     1 ||    23
  Use: Scroll            |       |       |    13 |     6 |     6 ||    25
       Potion            |       |       |       |     1 |    15 ||    16
 Stab: Sleeping          |    10 |     9 |     5 |    15 |     8 ||    47
       Distracted        |     1 |     1 |     3 |     2 |     1 ||     8
  Eat: Chunk             |     1 |     5 |    19 |    39 |     3 ||    67
       Pizza             |       |       |       |     2 |     4 ||     6
       Beef jerky        |       |       |       |     2 |       ||     2

Notes
Turn   | Place    | Note
--------------------------------------------------------------
     0 | D:1      | Duffy the Vine Stalker Assassin began the quest for the Orb.
     0 | D:1      | Reached XP level 1. HP: 11/11 MP: 2/2
    77 | D:1      | Reached skill level 2 in Short Blades
    77 | D:1      | Reached skill level 2 in Throwing
    91 | D:1      | Reached XP level 2. HP: 8/15 MP: 1/3
   701 | D:1      | Reached XP level 3. HP: 18/18 MP: 4/4
  1239 | D:2      | Reached skill level 2 in Fighting
  1276 | D:2      | Reached skill level 1 in Dodging
  1348 | D:2      | Reached XP level 4. HP: 23/23 MP: 5/5
  1372 | D:2      | Reached skill level 3 in Short Blades
  1393 | D:2      | Found a white marble altar of Elyvilon.
  1950 | D:3      | Reached XP level 5. HP: 27/27 MP: 6/6
  2464 | D:3      | Found a burning altar of Makhleb.
  2604 | D:5      | Entered Level 5 of the Dungeon
  2738 | D:5      | Noticed a sky beast
  2763 | D:5      | Killed a sky beast
  2763 | D:5      | Reached skill level 3 in Fighting
  2763 | D:5      | Reached skill level 2 in Dodging
  2763 | D:5      | Gained mutation: You heal very quickly. [Vine Stalker growth]
  2763 | D:5      | Reached XP level 6. HP: 25/32 MP: 5/7
  2796 | D:5      | You fall through a shaft!
  2807 | D:6      | Noticed Prince Ribbit
  2828 | D:6      | Killed Prince Ribbit
  2828 | D:6      | Reached skill level 4 in Short Blades
  2828 | D:6      | Reached XP level 7. HP: 35/37 MP: 8/8
  2878 | D:6      | Reached skill level 3 in Dodging
  2884 | D:6      | Reached skill level 4 in Fighting
  2933 | D:6      | Found a glowing drain.
  2959 | Sewer    | Entered a sewer
  3504 | Sewer    | Reached skill level 5 in Short Blades
  3860 | D:5      | Found a staircase to the Ecumenical Temple.
  3869 | Temple   | Entered the Ecumenical Temple
  4113 | Temple   | Became a worshipper of Trog the Wrathful
  4285 | D:5      | You fall through a shaft for 2 floors!
  4384 | D:6      | Gained mutation: You have razor-sharp teeth. [Vine Stalker growth]
  4384 | D:6      | Reached XP level 8. HP: 29/42 MP: 5/9
  4569 | D:6      | Found a sparkling altar of Nemelex Xobeh.
  4733 | D:6      | Reached skill level 4 in Dodging
  4740 | D:6      | Reached skill level 5 in Fighting
  4804 | D:6      | Reached * piety under Trog
  5071 | D:7      | Reached skill level 6 in Short Blades
  5162 | D:7      | Reached XP level 9. HP: 48/48 MP: 10/10
  5209 | D:7      | Reached skill level 6 in Fighting
  5209 | D:7      | Reached skill level 5 in Dodging
  5452 | D:4      | Reached ** piety under Trog
  5677 | D:4      | Found a stormy altar of Qazlal.
  6219 | D:5      | Reached skill level 7 in Short Blades
  6294 | D:5      | Found a deep blue altar of Sif Muna.
  7107 | D:7      | Reached skill level 7 in Fighting
  7137 | D:7      | Reached skill level 6 in Dodging
  7164 | D:7      | Reached *** piety under Trog
  7383 | D:7      | Reached XP level 10. HP: 55/55 MP: 11/11
  7860 | D:7      | Reached skill level 8 in Short Blades
  7964 | D:8      | Reached **** piety under Trog
  8260 | D:8      | Reached skill level 9 in Short Blades
  8389 | D:8      | Found a blossoming altar of Fedhas.
  8506 | D:8      | Found a sacrificial altar of Ru.
  8598 | D:9      | Noticed a centaur warrior
  8613 | D:9      | Killed a centaur warrior
  8680 | D:9      | Found an opulent altar of Gozag.
  8691 | D:9      | Reached skill level 10 in Short Blades
  9061 | D:9      | Reached ***** piety under Trog
  9062 | D:9      | Reached skill level 8 in Fighting
  9081 | D:9      | Reached skill level 7 in Dodging
  9170 | D:9      | Reached XP level 11. HP: 60/60 MP: 10/12
  9418 | D:10     | Entered Level 10 of the Dungeon
  9425 | D:10     | Received a gift from Trog
  9968 | D:10     | Noticed a hill giant
 10000 | D:10     | Killed a hill giant
 10000 | D:10     | Reached skill level 9 in Fighting
 10004 | D:10     | Reached skill level 8 in Dodging
 10013 | D:10     | Noticed a hill giant
 10035 | D:10     | Killed a hill giant
 10483 | D:11     | Noticed a red ugly thing
 10490 | D:11     | Received a gift from Trog
 10498 | D:11     | Killed a red ugly thing
 10572 | D:11     | Noticed a centaur warrior
 10584 | D:11     | Killed a centaur warrior
 10669 | D:11     | Found a staircase to the Orcish Mines.
 10801 | D:11     | Noticed a manticore
 10873 | D:11     | Killed a manticore
 10873 | D:11     | Reached skill level 10 in Fighting
 10873 | D:11     | Reached skill level 9 in Dodging
 10977 | D:11     | Noticed Josephine
 11311 | D:10     | Killed Josephine
 11311 | D:10     | Gained mutation: You regenerate. [Vine Stalker growth]
 11311 | D:10     | Reached XP level 12. HP: 62/68 MP: 13/13
 11548 | D:11     | Found a staircase to the Lair.
 11577 | D:11     | Found Helory's Antique Weapon Boutique.
 11649 | D:11     | Reached skill level 5 in Stealth
 11838 | D:11     | Reached skill level 6 in Stealth
 11949 | D:11     | Reached skill level 10 in Dodging
 12221 | Lair:1   | Entered Level 1 of the Lair of Beasts
 12355 | Lair:1   | Noticed Gastronok
 12380 | Lair:1   | Killed Gastronok
 12380 | Lair:1   | Reached skill level 7 in Stealth
 12456 | Lair:1   | Noticed Nergalle
 12481 | Lair:1   | Reached skill level 11 in Fighting
 12504 | Lair:1   | Reached skill level 8 in Stealth
 12531 | Lair:1   | Killed Nergalle
 12932 | Lair:1   | Reached skill level 9 in Stealth
 13446 | Lair:2   | Reached ****** piety under Trog
 13446 | Lair:2   | Received a gift from Trog
 13654 | Lair:2   | Noticed a six-headed hydra
 13661 | Lair:2   | Killed a six-headed hydra
 13835 | Lair:3   | Found a hole to the Spider Nest.
 13920 | Lair:3   | Found a staircase to the Swamp.
 14038 | Lair:3   | Noticed an eight-headed hydra
 14043 | Lair:3   | Killed an eight-headed hydra
 14043 | Lair:3   | Reached skill level 10 in Stealth
 14043 | Lair:3   | Reached XP level 13. HP: 74/74 MP: 14/14
 14229 | Lair:3   | Reached skill level 1 in Shields
 14408 | Lair:3   | Reached skill level 2 in Shields
 14568 | Lair:3   | Reached skill level 3 in Shields
 15059 | Lair:5   | Noticed Duffy's ghost (journeyman SpEE)
 15085 | Lair:5   | Killed Duffy's ghost
 15085 | Lair:5   | Reached skill level 4 in Shields
 15195 | Lair:5   | Reached skill level 5 in Shields
 15669 | Lair:8   | Entered Level 8 of the Lair of Beasts
 15720 | Lair:8   | Gained mutation: You are partially covered in molten scales (AC +1). [potion of beneficial mutation]
 15721 | Lair:8   | Gained mutation: You are somewhat resistant to further mutation. [potion of mutation]
 15737 | Lair:8   | Slain by an eight-headed hydra

Vault maps used:
D:1:      mrwooster_arrival_statue_3, lemuel_old_faithful
D:2:      elyvilon_altar_5, minivault_26
D:3:      makhleb_heckhound_becter, first_bread, grunt_decor_arrowhead
D:4:      overflow_temple_1_default
D:5:      old_standard_altar, temple_hall
D:6:      nemelex_deck, portal_sewer_entry_a, uniq_prince_ribbit1
D:7:      lemuel_ratsnest
D:8:      nicolae_ru_the_path_less_chosen, lemuel_doored_altar
D:9:      grunt_gozag_statues
D:10:     hangedman_little_slice_of_home, nicolae_two_hexagons,
          serial_bayou_pond_c
D:11:     lair_0_dummy, zombieorc2_lemuel, serial_shops, kennysheep_mini,
          minivault_24, kennysheep_generic_room_4, uniq_josephine
Temple:   triangle_lava_temple_12
Lair:1:   st_stairs_4, uniq_gastronok, uniq_nergalle
Lair:3:   swamp_mist, spider_nest_entry_web_field
Lair:4:   portal_ice_cave_entry_ice_beasts, minmay_lair_oklob_bushes
Lair:6:   infiniplex_staircase_pool, serial_bayou_shore_b, lemuel_fruit_tree,
          grunt_megastairs_2, lemuel_fruit_fields
Lair:7:   slime_altar_1, st_stairs_5, ldierk_geyser
Lair:8:   evil_forest, serial_forest, infiniplex_forest_end_double,
          infiniplex_forest_straight_3, infiniplex_forest_end_2,
          infiniplex_forest_side_room, infiniplex_forest_straight_3,
          infiniplex_forest_lined_room_3, fungi_pond_lemuel, uniq_nessos,
          uniq_kirke
Sewer:    sewer_co_scattered_pipes

Vanquished Creatures
  Gastronok Josephine
  2 hydras
  The ghost of Duffy the Thaumaturge, a journeyman SpEE of Vehumet
  2 centaur warriors
  3 death yaks Nergalle
  3 hill giants
  2 ugly things
  A manticore
  A black mamba
  3 spiny frogs
  A gargoyle
  4 yaktaurs
  A komodo dragon Prince Ribbit
  2 two-headed ogres
  A wyvern
  11 yaks
  3 wraiths
  3 hungry ghosts
  7 hippogriffs
  A mottled dragon
  8 water moccasins
  9 porcupines
  3 ice beasts
  2 eyes of draining
  6 orc warriors
  A necrophage
  4 sky beasts
  A wasp
  5 black bears
  8 ogres
  A phantom
  12 centaurs
  5 crocodiles
  2 big kobolds
  13 giant frogs
  5 scorpions
  A water moccasin skeleton
  A troll zombie
  14 killer bees
  7 wights
  An electric eel
  5 crimson imps
  A centaur zombie
  A wasp zombie
  2 quasits
  A giant frog skeleton
  9 orc priests
  5 hounds
  5 jellies
  20 orc wizards
  5 iguanas
  7 hell rats
  8 worker ants
  7 sheep
  5 ogre zombies
  2 hound zombies
  5 hound skeletons
  A worker ant zombie
  6 gnolls
  21 adders
  24 river rats
  4 shadow imps
  5 oozes
  An adder skeleton
  5 worms
  8 giant geckos
  43 orcs
  8 ball pythons
  12 bats
  11 giant cockroaches
  4 hobgoblins
  16 jackals
  17 kobolds
  11 quokkas
  2 giant gecko skeletons
  8 giant newts
  10 goblins
  3 goblin zombies
  2 hobgoblin skeletons
  3 hobgoblin zombies
  3 orc skeletons
  14 orc zombies
  2 quokka skeletons
  32 rats
  A fungus
  4 plants
534 creatures vanquished.
